 Dungeon Sprint DCSS version 0.30-a0-777-ga9a30cbeda (webtiles) character file.

Game seed: 13536826646536430516

1 Hubris850 the Insei (level 1, 0/15 HPs)
             Began as a Merfolk Transmuter on Feb 13, 2023.
             Slain by a jackal (1 damage)
             ... in the Dungeon (Sprint VII: "The Pits").
             The game lasted 00:00:13 (20 turns).

Hubris850 the Insei (Merfolk Transmuter)              Turns: 20, Time: 00:00:13

Health: 0/15       AC:  2    Str: 10    XL:     1   Next: 20%
Magic:  2/3        EV: 12    Int: 12    God:
Gold:   0          SH:  0    Dex: 14    Spells: 3/4 levels left

rFire   . . .      SeeInvis .      - Unarmed
rCold   . . .      Faith    .    (no shield)
rNeg    . . .      Spirit   .    a - +0 robe
rPois   .          Reflect  .    (helmet currently unavailable)
rElec   .          Harm     .    (no cloak)
rCorr   .          Rampage  .    (no gloves)
Will    .....      NoTele   +    (boots currently unavailable)
Stlth   +                        (no amulet)
HPRegen 0.22/turn                (no ring)
MPRegen 0.08/turn                (no ring)

@: appendages (expiring)
A: horns 2, (nimble swimmer 2), mertail
a: End Transformation


You were in the Dungeon.
You had temporarily grown beastly horns.
You visited 1 branch

Inventory:

Armour
 a - a +0 robe (worn)
Scrolls
 h - a scroll of blinking
Potions
 b - a potion of lignification
 c - a potion of curing
 d - a potion of heal wounds
 e - a potion of haste
 f - 2 potions of magic
 g - a potion of berserk rage


   Skills:
 - Level 1.1 Fighting
 - Level 2.6 Dodging
 + Level 4.1 Unarmed Combat
 - Level 2.0 Spellcasting
 - Level 2.6 Transmutations


You had 3 spell levels left.
You knew the following spells:

 Your Spells              Type           Power      Damage    Failure   Level
a - Beastly Appendage     Tmut           14%        N/A       9%          1

Your spell library contained the following spells:

 Spells                   Type           Power      Damage    Failure   Level
 Wereblood                Tmut           7%         N/A       14%         2
 Spider Form              Tmut/Pois      4%         N/A       43%         3
 Ice Form                 Ice/Tmut       4%         N/A       83%         4


Dungeon Overview and Level Annotations

Branches:
Dungeon (1/1)

Altars:


Innate Abilities, Weirdness & Mutations

You have temporarily grown beastly horns.
((You are very nimble when in or above water. (Stealth+, EV+, Speed+++)))
Your lower body shifts to a powerful aquatic tail in water.


Message History

The jackal is severely wounded.
The jackal misses you. x2
The jackal bites you but does no damage.
You barely miss the jackal.
The jackal is severely wounded.
The jackal barely misses you. The jackal closely misses you.
The jackal barely misses you. The jackal misses you. The jackal bites you.
The jackal barely misses you.
You barely miss the jackal.
The jackal is severely wounded.
The jackal bites you. The jackal closely misses you.
The jackal barely misses you.
You completely miss the jackal.
The jackal is severely wounded.
The jackal closely misses you. x2; The jackal barely misses you.
You completely miss the jackal. Your headbutt misses the jackal.
The jackal is severely wounded.
The jackal closely misses you. The jackal barely misses you. x2
The jackal bites you.
You closely miss the jackal. Your headbutt misses the jackal.
The jackal is severely wounded.
The jackal bites you but does no damage.
The jackal closely misses you.
The jackal bites you but does no damage.
The jackal bites you. The jackal barely misses you.
You hit the jackal but do no damage. You headbutt the jackal.
You kill the jackal!
Your transformation is almost over.
The jackal bites you. The jackal misses you.
Your Unarmed Combat skill increases to level 4!
You closely miss the jackal. Your headbutt misses the jackal.
The jackal bites you.
* * * LOW HITPOINT WARNING * * *
The jackal barely misses you. x2
You miss the jackal. The jackal closely misses you. The jackal bites you.
* * * LOW HITPOINT WARNING * * *
The jackal bites you.
* * * LOW HITPOINT WARNING * * *
The jackal bites you.
You die...

##########++
#...........
#......#..#
####.##h.........
......h@..........
#+#####h.....#..#.
#...........
####'#####+
#.......#
#.......#
#.......#
#...<...#
#.......#


You could see 3 jackals.

Vanquished Creatures
  A jackal (D)
1 creature vanquished.

Notes
Turn   | Place    | Note
-------+----------+-------------------------------------------
     0 | D        | Hubris850 the Merfolk Transmuter began the quest for the
                  | Orb.
     0 | D        | Reached XP level 1. HP: 15/15 MP: 3/3
    19 | D        | Reached skill level 4 in Unarmed Combat
    20 | D        | Slain by a jackal

Illustrated notes

Levels and vault maps discovered:
D:        pitsprint [storerooms_1, entrance_room_1, metal_vault_8, armoury_2,
          mini_pit_1, grid_room_1, main_hall_1, silver_pit, the_coven_1,
          the_vestibule_1, steel_vault_1, golden_pit, hallway_of_sentries,
          crystal_vault_4, iron_vault_5, final_vault]

Skill      XL: |  1 |
---------------+----+-----
Unarmed Combat | 4 |  4.1
Fighting       | |  1.1
Dodging        | |  2.6
Spellcasting   | |  2.0
Transmutations | |  2.6

Action                     || total
---------------------------++-------
  Melee: Unarmed           ||    11
         Headbutt          ||     2
   Cast: Beastly Appendage ||     1
 Armour: Robe              ||     4
  Dodge: Dodged            ||    23

Table legend: (Time is in decaauts)
 A = Elapsed time spent in this place.
 B = Non-inter-level travel time spent in this place.
 C = Inter-level travel time spent in this place.
 D = Time resting spent in this place.
 E = Time spent auto-exploring this place.
 F = Levels seen in this place.
 G = Mean time per level.
                   A        B        C        D        E       F      G
               +--------+--------+--------+--------+--------+-----+--------+
         Total |     19 |     19 |      0 |      0 |      0 |   1 |   19.0 |
       Dungeon |     19 |     19 |      0 |      0 |      0 |   1 |   19.0 |
               +--------+--------+--------+--------+--------+-----+--------+

Top non-repeatable levels by time:
       D: 19 daAuts
